 Dungeon Crawl Stone Soup version 0.30-a0-439-g9e77e4d916 (webtiles) character file.

Game seed: 12881357701437307153

18507 p00ps00p the Cleaver (level 12, -1/153 (169) HPs)
             Began as a Hill Orc Fighter on Dec 11, 2022.
             Was an Initiate of Gozag.
             Engulfed by a death drake's foul pestilence (6 damage)
             ... in a Gauntlet.
             The game lasted 00:22:15 (11832 turns).

p00ps00p the Cleaver (Hill Orc Fighter)            Turns: 11832, Time: 00:22:15

HP:   -1/153 (169)  AC: 21    Str: 38    XL:     12   Next: 59%
MP:   0/12          EV:  9    Int:  8    God:    Gozag
Gold: 867           SH:  7    Dex: 13    Spells: 11/11 levels left

rFire   . . .      SeeInvis .    a - +2 war axe
rCold   . . .      Faith    .    c - +0 buckler
rNeg    . . .      Spirit   +    r - +2 chain mail of Byffuxt {Regen+ Str+8 Dex+3 Slay-2}
rPois   +          Reflect  .    m - +1 helmet
rElec   .          Harm     .    z - +0 cloak
rCorr   .          Rampage  .    v - +0 pair of gloves
Will    .....      NoTele   +    u - +0 pair of boots
Stlth   ..........               G - amulet of guardian spirit
HPRegen 1.25/turn                f - ring of poison resistance
MPRegen 0.13/turn                B - +6 ring of strength

@: mighty, berserking, lethally poisoned (-1 -> -30), hasted and slowed, drained
A: no striking features
a: Renounce Religion, Potion Petition, Call Merchant, Bribe Branch


You were in a Gauntlet.
You worshipped Gozag.
Gozag was pleased with you.
You visited 2 branches of the dungeon, and saw 13 of its levels.
You also visited: Gauntlet.

You collected 1939 gold pieces.
You spent 712 gold pieces at shops.
You paid 360 gold pieces to Gozag.

Inventory:

Hand Weapons
 a - a +2 war axe (weapon)
 N - the +7 great mace "Undeadhunter" {disrupt, rN+}
   (You found it on level 6 of the Dungeon)

   It inflicts significantly more damage against the undead.
   rN:        It protects you from negative energy.
Missiles
 l - 6 silver javelins (quivered)
 y - 3 throwing nets
Armour
 c - a +0 buckler (worn)
 m - a +1 helmet (worn)
 r - the +2 chain mail of Byffuxt (worn) {Regen+ Str+8 Dex+3 Slay-2}
   (You bought it in a shop on level 5 of the Dungeon)

   Str:       It affects your strength (+8).
   Dex:       It affects your dexterity (+3).
   Slay:      It affects your accuracy & damage with ranged weapons and melee
   (-2).
   Regen:     It increases your rate of health regeneration.
 u - a +0 pair of boots (worn)
 v - a +0 pair of gloves (worn)
 z - a +0 cloak (worn)
 M - the +1 plate armour of Loemisif {-Cast rCorr Dex+7}
   (You bought it in a shop on level 5 of the Dungeon)

   Dex:       It affects your dexterity (+7).
   -Cast:     It prevents spellcasting.
   rCorr:     It protects you from acid and corrosion.
 P - a +2 cloak of stealth
Jewellery
 f - a ring of poison resistance (left hand)
 o - a ring of willpower
 B - a +6 ring of strength (right hand)
 E - a ring of flight
 G - an amulet of guardian spirit (around neck)
 I - a ring of see invisible
 L - a ring of positive energy
Wands
 t - a wand of iceblast (6)
 H - a wand of digging (5)
 J - a wand of mindburst (6)
 K - a wand of paralysis (6)
Scrolls
 i - 3 scrolls of magic mapping
 k - 3 scrolls of fear
 q - a scroll of amnesia
 s - a scroll of torment
 A - 2 scrolls of poison
 C - a scroll of fog
 D - a scroll of summoning
 F - a scroll of silence
Potions
 d - 3 potions of resistance {unknown}
 e - 3 potions of brilliance
 g - 3 potions of curing
 j - a potion of degeneration
 n - 5 potions of mutation
 x - a potion of flight


   Skills:
 + Level 12.7 Fighting
 + Level 13.5 Axes
 + Level 11.7 Armour
 + Level 11.7 Shields


You had 11 spell levels left.
You didn't know any spells.
Your spell library contained the following spells:

 Spells                   Type           Power      Damage    Failure   Level
 Magic Dart               Conj           0%         1d3       83%         1
 Blink                    Tloc           0%         N/A       92%         2
 Call Imp                 Summ           0%         N/A       92%         2
 Call Canine Familiar     Summ           0%         N/A       99%         3
 Frozen Ramparts          Ice            0%         1d1       99%         3
 Mephitic Cloud           Conj/Pois/Air  0%         N/A       99%         3
 Portal Projectile        Hex/Tloc       0%         N/A       99%         3
 Stone Arrow              Conj/Erth      0%         3d7       99%         3
 Ice Form                 Ice/Tmut       0%         N/A       100%        4
 Leda's Liquefaction      Hex/Erth       0%         N/A       100%        4
 Summon Ice Beast         Ice/Summ       0%         N/A       100%        4
 Lee's Rapid Deconstruct  Erth           0%         3d4*      100%        5


Dungeon Overview and Level Annotations

Branches:
Dungeon (12/15)            Temple (1/1) D:4            Lair (0/5) D:10
Gauntlet (1/1)
    Orc: D:9-12

Altars:
Ashenzari
Cheibriados
Dithmenos
Elyvilon
Fedhas
Gozag
Hepliaklqana
Kikubaaqudgha
Makhleb
Nemelex Xobeh
Okawaru
Qazlal
Ru
Sif Muna
Trog
Uskayaw
Vehumet
Wu Jian
Xom
Yredelemnul
Zin
The Shining One

Shops:
D:5 [   D:7 *

Annotations:
Gauntlet 9 transporters, 1 runed translucent door, exclusion: ice statue


Message History

You are engulfed in dark miasma.
The spectral wolf spider fails to trigger a net trap.
The spectral centaur warrior barely misses you.
You block the spectral centaur warrior's attack.
The spectral centaur warrior barely misses you.
The spectral centaur warrior kicks you but does no damage.
You closely miss the death drake.
The death drake is moderately wounded.
You slash the spectral centaur warrior!
You are engulfed in dark miasma.
You are poisoned.
You feel very sick. The spectral centaur warrior hits you.
* * * LOW HITPOINT WARNING * * *
You feel drained.
* * * LOW HITPOINT WARNING * * *
The spectral centaur warrior kicks you but does no damage.
You block the death drake's attack.
You feel better.
The spectral centaur warrior hits you but does no damage.
The spectral centaur warrior kicks you but does no damage.
The death drake breathes miasma at you. The foul vapour engulfs you!!
* * * LOW HITPOINT WARNING * * *
A red film seems to cover your vision as you go berserk!
You feel yourself moving faster!
You feel mighty!
You are engulfed in dark miasma.
You are poisoned.
You feel as though you will be slow longer.
* * * LOW HITPOINT WARNING * * *
x2 You feel very sick.
The spectral centaur warrior barely misses you.
The spectral centaur warrior kicks you but does no damage.
You block the death drake's attack.
The spectral centaur warrior hits you but does no damage.
The spectral centaur warrior kicks you but does no damage.
You slice the death drake!!
The death drake is severely wounded.
You hit the spectral centaur warrior.
You are engulfed in dark miasma.
You are more poisoned.
You die...
Your body crumbles into a pile of gold.

#.#..P♣...###.###..h#..P♣.#......
#.#.......#©#...©..©#.....#.♣.###
#.#########.#.###..[#.♣..##.....
#.##.#.#.##.#h#.###:#...## .♣.###
#.#.#.#.#)#.#h#.hbb.#...≈##...#
#.##.#.#.##.#########...≈≈# # #
#©#.#.#.#©#©#.........♣.≈##
####.#©#.##.#########.P.##
..#.#.#.#.#.#°°°@kZZ#...≈##
..##.#.#.##.#°#Z###Z#...≈≈#
..#########.#.#°.≈#!#.♣.≈##
#.........#©#.#°©≈#©#...##
#≈..♣P♣.♣.###.#°.≈#(#...≈##
#≈≈..P.P....#.#°###.#...≈≈#
####....P.♣.#^......#.♣.≈##
#≈..P..P.#########.P.##
#≈≈..................≈#


You could see a death drake (catching breath), a hell hog, a spectral wolf
spider, 2 spectral centaur warriors, 2 hell hounds, 2 fire bats and a centaur
warrior zombie.

Vanquished Creatures
  Gastronok (D:11)
  Harold (D:9)
  4 two-headed ogres
  A centaur warrior (D:9)
  A sixfirhy (Gauntlet)
  An ugly thing (D:12)
  3 cyclopes
  Maurice (D:8)
  Maggie (D:9)
  An ice devil (Gauntlet)
  3 trolls
  A shadow (D:8)
  A basilisk (D:9)
  3 wraiths
  2 wyverns
  23 yaks
  2 steam dragons
  2 acid dragons
  Duvessa (D:7)
  A water moccasin (D:8)
  3 ice beasts
  A sky beast (D:8)
  An ogre (D:7)
  3 orc warriors
  11 centaurs
  A phantom (D:6)
  6 bullfrogs
  4 kobold brigands
  A necrophage (D:5)
  A gnoll sergeant (D:6)
  5 scorpions
  11 wights
  Dowan (D:7)
  A killer bee (D:6)
  5 electric eels (D:10)
  6 howler monkeys
  A crimson imp (D:5)
  2 jellies
  12 orc priests
  6 hounds
  A gnoll bouda (D:6)
  5 iguanas
  16 orc wizards
  10 gnolls
  14 adders
  2 shadow imps (D:6)
  7 white imps
  4 ufetubi (Gauntlet)
  3 worms
  3 dart slugs
  35 orcs
  12 endoplasms
  6 giant cockroaches
  9 goblins
  6 hobgoblins
  13 jackals
  21 kobolds
  3 quokkas
  3 ball pythons
  6 bats
  3 frilled lizards
  3 rats
321 creatures vanquished.

Vanquished Creatures (others)
  A gnoll (D:6)
  2 plants (Gauntlet)
3 creatures vanquished.

Grand Total: 324 creatures vanquished

Notes
Turn   | Place    | Note
-------+----------+-------------------------------------------
     0 | D:1      | p00ps00p the Hill Orc Fighter began the quest for the Orb.
     0 | D:1      | Reached XP level 1. HP: 19/19 MP: 1/1
    69 | D:1      | Reached XP level 2. HP: 27/27 MP: 2/2
    70 | D:1      | Reached skill level 3 in Axes
   186 | D:1      | Reached XP level 3. HP: 29/33 MP: 3/3
   360 | D:1      | Got the Papyrus of the Rocks and Wanderlust
   954 | D:2      | Reached XP level 4. HP: 41/41 MP: 4/4
   981 | D:2      | Found a glowing silver altar of Zin.
  1269 | D:2      | You fall into a shaft and drop 2 floors!
  1309 | D:4      | Found a sparkling altar of Nemelex Xobeh.
  1341 | D:3      | Reached skill level 4 in Axes
  1341 | D:3      | Reached XP level 5. HP: 42/47 MP: 5/5
  2010 | D:2      | Found a faded altar of an unknown god.
  2407 | D:3      | Reached skill level 5 in Fighting
  2474 | D:3      | Reached XP level 6. HP: 56/56 MP: 6/6
  2714 | D:4      | Found a white marble altar of Elyvilon.
  2886 | D:4      | Reached skill level 5 in Axes
  3544 | D:4      | Found a staircase to the Ecumenical Temple.
  3558 | Temple   | Entered the Ecumenical Temple
  3840 | D:5      | Entered Level 5 of the Dungeon
  3840 | D:5      | Found Pyocleed's Antique Armour Shoppe.
  3850 | D:5      | Reached skill level 5 in Shields
  3861 | D:5      | Bought an ichor-stained chain mail for 180 gold pieces
  3861 | D:5      | Identified the +2 chain mail of Byffuxt {Regen+ Str+8 Dex+3
                  | Slay-2} (You bought it in a shop on level 5 of the Dungeon)
  3898 | D:5      | Reached skill level 5 in Armour
  3898 | D:5      | Reached XP level 7. HP: 61/61 MP: 7/7
  4247 | D:5      | Reached skill level 6 in Axes
  4273 | D:5      | Found a sacrificial altar of Ru.
  4307 | D:5      | Found a burning altar of Makhleb.
  4315 | D:5      | Reached XP level 8. HP: 71/71 MP: 8/8
  4391 | D:5      | Found a sacrificial altar of Ru.
  5027 | D:6      | Reached skill level 7 in Axes
  5144 | D:6      | Found the +7 great mace "Undeadhunter" {disrupt, rN+}
  5276 | D:7      | Reached XP level 9. HP: 71/79 MP: 9/9
  5352 | D:7      | Noticed Duvessa
  5352 | D:7      | Noticed Dowan
  5358 | D:7      | Killed Duvessa
  5361 | D:7      | Killed Dowan
  5362 | D:7      | Reached skill level 8 in Axes
  5627 | D:7      | Found Gozag's Platinum Reserve.
  5686 | D:7      | Found an opulent altar of Gozag.
  6083 | D:7      | Found a glowing golden altar of the Shining One.
  6198 | D:8      | Reached skill level 9 in Axes
  6232 | D:8      | Reached XP level 10. HP: 91/91 MP: 10/10
  6250 | D:8      | Noticed Maurice
  6263 | D:8      | Killed Maurice
  6526 | D:8      | Reached skill level 10 in Axes
  6988 | D:9      | Noticed a two-headed ogre
  7000 | D:9      | Killed a two-headed ogre
  7001 | D:9      | Reached skill level 10 in Fighting
  7120 | D:9      | Reached skill level 11 in Axes
  7382 | D:9      | Found a hide-covered altar of Uskayaw.
  7393 | D:9      | Reached XP level 11. HP: 101/101 MP: 11/11
  7996 | D:9      | Reached skill level 10 in Armour
  7996 | D:9      | Reached skill level 10 in Shields
  8081 | D:9      | Noticed Maggie
  8103 | D:9      | Killed Maggie
  8154 | D:9      | Noticed Harold
  8164 | D:9      | Noticed a centaur warrior
  8165 | D:9      | Killed Harold
  8169 | D:9      | Killed a centaur warrior
  8308 | D:9      | Found a stormy altar of Qazlal.
  8506 | D:7      | Became a worshipper of Gozag Ym Sagoz the Greedy
  8643 | D:10     | Entered Level 10 of the Dungeon
  8774 | D:10     | Found a staircase to the Lair.
  8973 | D:10     | Found a hazy altar of Hepliaklqana.
  9072 | D:10     | Reached skill level 12 in Axes
  9190 | D:10     | Found a shimmering blue altar of Sif Muna.
  9646 | D:11     | Found an iron altar of Okawaru.
  9679 | D:11     | Noticed Gastronok
  9698 | D:11     | Killed Gastronok
  9873 | D:11     | Noticed a two-headed ogre
  9882 | D:11     | Killed a two-headed ogre
  9883 | D:11     | Reached XP level 12. HP: 87/112 MP: 12/12
 10274 | D:11     | Noticed a two-headed ogre
 10281 | D:11     | Killed a two-headed ogre
 10344 | D:11     | Reached skill level 13 in Axes
 10587 | D:5      | Bought a black opal-encrusted plate armour for 532 gold
                  | pieces
 10587 | D:5      | Identified the +1 plate armour of Loemisif {-Cast rCorr
                  | Dex+7} (You bought it in a shop on level 5 of the Dungeon)
 10756 | D:6      | Noticed a two-headed ogre
 10775 | D:6      | Killed a two-headed ogre
 11215 | D:12     | Found a gate leading to a gauntlet.
 11227 | Gauntlet | Entered a Gauntlet
 11227 | Gauntlet | Found a transporter.
 11227 | Gauntlet | Found a runed translucent gate.
 11227 | Gauntlet | Found a runed translucent gate.
 11274 | Gauntlet | Found a runed translucent gate.
 11279 | Gauntlet | Found a transporter.
 11281 | Gauntlet | Found a transporter.
 11292 | Gauntlet | Found a transporter.
 11295 | Gauntlet | Found a transporter.
 11298 | Gauntlet | Noticed a thrashing horror
 11303 | Gauntlet | Found a runed translucent door.
 11306 | Gauntlet | Found a transporter.
 11310 | Gauntlet | Noticed a thrashing horror
 11321 | Gauntlet | Found a transporter.
 11322 | Gauntlet | Noticed an entropy weaver
 11332 | Gauntlet | Found a transporter.
 11335 | Gauntlet | Noticed a hell hog
 11344 | Gauntlet | Found a transporter.
 11354 | Gauntlet | Found a runed translucent door.
 11354 | Gauntlet | Found a runed translucent door.
 11358 | Gauntlet | Found a transporter.
 11373 | Gauntlet | Found a transporter.
 11374 | Gauntlet | Found a transporter.
 11432 | Gauntlet | Found a transporter.
 11435 | Gauntlet | Found a transporter.
 11831 | Gauntlet | HP: 5/153 [poisoned by a death drake (dark miasma)]
 11832 | Gauntlet | Engulfed by a death drake's foul pestilence

Illustrated notes

Levels and vault maps discovered:
D:1:      lightli_arrival_windingriver, layout_rooms
D:2:      layout_rooms, serial_corexii_hall, chequers_hall_statues_corner_a,
          corexii_hall_statues_s, corexii_hall_statues_t,
          corexii_hall_statues_t, corexii_hall_statues_x,
          corexii_hall_statues_t, shapermc_ecumenical_altar_gd, basic_altar
D:3:      layout_rooms, kennysheep_big_empty_room, minmay_checkerbox
D:4:      layout_rooms, elyvilon_altar_5, mainiacjoe_overflow_cross_hatched,
          temple_statues
D:5:      dreamdust_elfheim, layout_basic, makhleb_grotto_becter,
          nicolae_ru_the_path_less_chosen, serial_shops, nicolae_shop_trees,
          st_stairs_1, chequers_serial_rivers_micro_e, minmay_ruined_shrine
D:6:      minmay_klotski, layout_loops_cross, minmay_fractal_squares_gapless_5
D:7:      layout_gridville, nicolae_gozag_zags_fifth_avenue,
          kennysheep_mini_moat, uniq_duvessa
D:8:      layout_basic, kennysheep_small_square, uniq_maurice
D:9:      minmay_slanted_spiral_squares, layout_long_grid,
          amcnicky_altar_gilded, kennysheep_little_box, uniq_maggie, uniq_harold
D:10:     layout_basic, lemuel_crystal_altar, nicolae_overflow_hidden_temple
D:11:     layout_basic, okawaru_metal_pillars_1_2, uniq_gastronok
D:12:     layout_cave_pools, erik_orc_4, gauntlet_entry_generic,
          gammafunk_ghost_smash
Temple:   minmay_temple_bridge_abc
Gauntlet: minmay_gauntlet_77_tree [minmay_gauntlet_arena_77_run_for_it,
          minmay_gauntlet_arena_77_checkered,
          minmay_gauntlet_arena_77_hold_the_fort,
          minmay_gauntlet_arena_77_shame_cube, minmay_gauntlet_arena_77_mirror,
          minmay_gauntlet_arena_77_broken_ladder, minmay_gauntlet_arena_77_path,
          nicolae_gauntlet_exit_dead_adventurers]

Skill      XL: |  1  2  3  4  5  6  7  8  9 10 11 12 |
---------------+-------------------------------------+-----
Axes           | 3 4 5 6 7 9 11 12 13 | 13.5
Fighting       | 4 5 6 7 9 10 11 12 | 12.7
Armour         | 4 5 6 8 9 11 | 11.7
Shields        | 4 5 6 8 9 10 11 | 11.7

Action                   |  1- 3 |  4- 6 |  7- 9 | 10-12 || total
-------------------------+-------+-------+-------+-------++-------
Melee: War axe           |    90 |   178 |   264 |   455 ||   987
Evoke: Wand              |       |       |       |    10 ||    10
  Use: Scroll            |     6 |    10 |     5 |     7 ||    28
       Potion            |       |       |     2 |    13 ||    15
 Stab: Distracted        |       |       |       |     1 ||     1
Armor: Scale mail        |    52 |    67 |       |       ||   119
       Chain mail        |       |    55 |   171 |   282 ||   508
Dodge: Dodged            |    45 |    71 |   133 |   186 ||   435
Block: Buckler           |    22 |    37 |    81 |   150 ||   290

Table legend: (Time is in decaauts)
 A = Elapsed time spent in this place.
 B = Non-inter-level travel time spent in this place.
 C = Inter-level travel time spent in this place.
 D = Time resting spent in this place.
 E = Time spent auto-exploring this place.
 F = Levels seen in this place.
 G = Mean time per level.
                   A        B        C        D        E       F      G
               +--------+--------+--------+--------+--------+-----+--------+
         Total |  12003 |  10677 |   1326 |   1501 |   6434 |  14 |  857.4 |
       Dungeon |  11196 |   9895 |   1301 |   1501 |   5977 |  12 |  933.0 |
        Temple |    204 |    179 |     25 |      0 |    175 |   1 |  204.0 |
      Gauntlet |    602 |    602 |      0 |      0 |    282 |   1 |  602.0 |
               +--------+--------+--------+--------+--------+-----+--------+

Top non-repeatable levels by time:
     D:9: 1357 daAuts
     D:7: 1303 daAuts
     D:6: 1160 daAuts
     D:2: 1083 daAuts
     D:3: 1066 daAuts
    D:10: 996 daAuts
     D:8: 970 daAuts
     D:4: 962 daAuts
    D:11: 903 daAuts
     D:5: 730 daAuts
     D:1: 617 daAuts
Gauntlet: 602 daAuts
  Temple: 204 daAuts
    D:12: 45 daAuts
